 Dungeon Crawl Stone Soup version 0.30.0-15-g856e2d3f33 (webtiles) character file.

Game seed: 6695506187872937151

28 Groucho the Shooter (level 2, -1/15 HPs)
             Began as a Spriggan Hunter on May 19, 2023.
             Succumbed to an adder's poison
             ... on level 1 of the Dungeon.
             The game lasted 00:01:24 (640 turns).

Groucho the Shooter (Spriggan Hunter)                Turns: 640, Time: 00:01:25

Health: -1/15      AC:  2    Str:  7    XL:     2   Next: 96%
Magic:  3/3        EV: 18    Int: 10    God:
Gold:   48         SH:  0    Dex: 18    Spells: 1/1 levels left

rFire   . . .        a - +0 shortbow
rCold   . . .        (shield currently unavailable)
rNeg    . . .        c - +0 robe
rPois   .            (helmet restricted)
rElec   .            (no cloak)
rCorr   .            (gloves unavailable)
SInv    +            (boots unavailable)
Will    .....        (no amulet)
Stlth   ++           (no ring)
HPRegen 0.22/turn    (no ring)
MPRegen 0.08/turn

%: no passive effects
@: lethally poisoned (-1 -> -8), attractive, very quick
A: very small, no large weapons, unfitting armour, see invisible, speed 3
a: no special abilities


You were on level 1 of the Dungeon.
You visited 1 branch of the dungeon, and saw 2 of its levels.

You collected 48 gold pieces.

Inventory:

Hand Weapons
 a - a +0 shortbow (weapon)
Armour
 c - a +0 robe (worn)
Scrolls
 b - a scroll of immolation
 d - 4 scrolls of identify {unknown}
 g - 3 scrolls of fear {unknown}
 h - a scroll of summoning {unknown}
 i - 2 scrolls of enchant weapon {unknown}
 j - a scroll of vulnerability {unknown}


   Skills:
 + Level 1.6 Fighting
 * Level 4.8 Ranged Weapons
 + Level 2.9 Dodging
 - Level 1.5 Stealth


You had one spell level left.
You didn't know any spells.
Your spell library was empty.

Dungeon Overview and Level Annotations

Branches:
Dungeon (2/15)

Altars:


Innate Abilities, Weirdness & Mutations

You are very small and have problems with some larger weapons.
You are too small for most types of armour.
You have supernaturally acute eyesight. (SInv)
You cover ground extremely quickly. (Speed+++)


Message History

The goblin hits you with a +0 dagger. The endoplasm misses you.
The adder is attracted toward you.
There is a stone staircase leading up, spattered with blood here.
The adder barely misses you. The endoplasm freezes you.
You are frozen.
The goblin misses you. The adder completely misses you.
You climb upwards.
There is a stone staircase leading down here.
Unknown command.
You shoot an arrow. The arrow closely misses the adder.
The goblin hits you with a +0 dagger. The endoplasm misses you.
The adder barely misses you.
You shoot an arrow. The arrow misses the adder.
The adder bites you. The endoplasm misses you.
The goblin completely misses you. The adder closely misses you.
The endoplasm freezes you.
You are frozen.
* * * LOW HITPOINT WARNING * * *
The goblin misses you.
You aren't carrying any potions.
Unknown command.
You are too injured to fight recklessly!
Fire: a) +0 shortbow
Press: ? - help, Q - select action Shift-Dir - straight line, f - goblin, p - adder
Aim: a goblin, wielding a +0 dagger (56% to hit)
You shoot an arrow. The arrow closely misses the goblin.
The adder bites you.
* * * LOW HITPOINT WARNING * * *
You are lethally poisoned!
The adder poisons you! The endoplasm misses you. The goblin closely misses you.
The adder closely misses you.
Unknown command.
Unknown command.
Fire: a) +0 shortbow
Press: ? - help, Q - select action Shift-Dir - straight line, f/p - goblin
Aim: a goblin, wielding a +0 dagger (56% to hit)
You shoot an arrow. The arrow hits the goblin.
The goblin is moderately wounded.
You die...

###########
#....#....#
#....#....#
#....'....#
#....#....#
#######....#....##
#@J...+....+......
#gS####....###....
#...†......###....
#.####.....##..)..
#.# ###(.###.....
#.# #....'.....
#.# #....#.....
#.# #....##.###
#.# #....##+###


You could see an adder, an endoplasm and a goblin.

Vanquished Creatures
  A dart slug (D:2)
  3 ball pythons (D:1)
  A goblin (D:1)
  3 hobgoblins (D:1)
  7 jackals (D:1)
  2 kobolds (D:1)
  A quokka (D:2)
  A bat (D:1)
  2 frilled lizards (D:1)
  A rat (D:1)
22 creatures vanquished.

Notes
Turn   | Place    | Note
-------+----------+-------------------------------------------
     0 | D:1      | Groucho the Spriggan Hunter began the quest for the Orb.
     0 | D:1      | Reached XP level 1. HP: 10/10 MP: 2/2
    87 | D:1      | Reached XP level 2. HP: 14/14 MP: 3/3
   640 | D:1      | Succumbed to an adder's poison

Illustrated notes

Levels and vault maps discovered:
D:1:      saegor_arrival_simple_a, layout_basic
D:2:      layout_basic, serial_shops, nicolae_shop_tiny_waterfront

Action                     || total
---------------------------++-------
  Melee: Shortbow          ||     1
   Fire: Shortbow          ||    64
    Use: Potion            ||     2
 Armour: Robe              ||     5
  Dodge: Dodged            ||    59
